 Dungeon Crawl Stone Soup version 0.26.1-11-gd32895ea62 (webtiles) character file.

Game seed: 6739658017164214172

49 FishyPogo the Covert (level 3, 0/35 HPs)
             Began as a Gnoll Delver on June 28, 2021.
             Succumbed to a kobold's poison
             ... in a sewer.
             The game lasted 00:03:58 (560 turns).

FishyPogo the Covert (Gnoll Delver)                  Turns: 560, Time: 00:03:58

Health: 0/35       AC:  3    Str: 15    XL:     3   Next: 75%
Magic:  4/4        EV: 14    Int: 12    God:
Gold:   37         SH:  0    Dex: 16    Spells: 3/3 levels left

rFire    . . .     SeeInvis .   i - +1 hand axe (vorpal)
rCold    . . .     Faith    .   (no shield)
rNeg     . . .     Spirit   .   b - +0 leather armour
rPois    .         Reflect  .   (no helmet)
rElec    .         Harm     .   (no cloak)
rCorr    .         Rampage  .   (no gloves)
Will     .....                  (no boots)
Stlth    ++++......             h - amulet of inaccuracy
HPRegen  0.11/turn              (no ring)
MPRegen  0.09/turn              (no ring)

@: lethally poisoned (0 -> -7), hasted, very quick
A: distributed training, fangs 1, strong nose
a: no special abilities


You were in a sewer.
You visited 1 branch of the dungeon, and saw 4 of its levels.
You also visited: Sewer.

You collected 37 gold pieces.

Inventory:

Hand Weapons
 a - a +0 falchion
 i - a +1 vorpal hand axe (weapon)
Armour
 b - a +0 leather armour (worn)
Jewellery
 h - an amulet of inaccuracy (around neck)
Wands
 g - a wand of digging (3)
Scrolls
 c - a scroll of fog
 d - 2 scrolls of identify {unknown}
 e - a scroll of fear


   Skills:
 + Level 6.5 Fighting
 + Level 0.9 Short Blades
 + Level 4.5 Long Blades
 + Level 0.9 Axes
 + Level 0.9 Maces & Flails
 + Level 0.9 Polearms
 + Level 0.9 Staves
 + Level 0.9 Slings
 + Level 0.9 Bows
 + Level 0.9 Crossbows
 + Level 0.9 Throwing
 + Level 0.9 Armour
 + Level 4.5 Dodging
 + Level 9.5 Stealth
 + Level 0.9 Shields
 + Level 0.9 Unarmed Combat
 + Level 0.9 Spellcasting
 + Level 0.6 Conjurations
 + Level 0.6 Hexes
 + Level 0.6 Summonings
 + Level 0.6 Necromancy
 + Level 0.6 Translocations
 + Level 0.6 Transmutations
 + Level 0.6 Fire Magic
 + Level 0.6 Ice Magic
 + Level 0.6 Air Magic
 + Level 0.6 Earth Magic
 + Level 0.6 Poison Magic
 + Level 1.0 Invocations
 + Level 0.9 Evocations


You had 3 spell levels left.
You didn't know any spells.
Your spell library was empty.

Dungeon Overview and Level Annotations

Branches:
Dungeon (6/15)              Sewer (1/1)
 Temple: D:4-7

Altars:

Annotations:
D:4 Menkaure


Innate Abilities, Weirdness & Mutations

Your experience applies equally to all skills.
You have very sharp teeth.
Your uncanny sense of smell can sniff out nearby items.


Message History

* * * LOW HITPOINT WARNING * * *
You feel sick. The kobold hits you but does no damage.
You miss the kobold. Your bite misses the kobold.
* * * LOW HITPOINT WARNING * * *
You feel sick. The kobold hits you.
* * * LOW HITPOINT WARNING * * *
You miss the kobold.
* * * LOW HITPOINT WARNING * * *
You feel sick. The kobold closely misses you. The kobold hits you.
* * * LOW HITPOINT WARNING * * *
You feel yourself speed up.
* * * LOW HITPOINT WARNING * * *
You feel sick. The kobold hits you but does no damage.
You barely miss the kobold. You bite the kobold, but do no damage.
The kobold barely misses you.
* * * LOW HITPOINT WARNING * * *
You feel sick.
You see here a +1 dagger of venom.
The kobold barely misses you.
You die...

... #.# #.#
####.####
####.......####
≈≈≈≈≈≈≈≈≈≈≈≈≈≈#
#.......#
###).#..###
∆∆#@.K)#....#
#?.......#.∩∩.#
#####....#....#
###########


You could see a kobold.

Vanquished Creatures
  An adder (D:4)
  An ooze (D:3)
  A dart slug (D:4)
  5 leopard geckos (D:3)
  An orc (D:4)
  8 giant cockroaches
  A goblin (D:3)
  2 jackals (Sewer)
  3 kobolds
23 creatures vanquished.

Notes
Turn   | Place    | Note
-------+----------+-------------------------------------------
     0 | D:5      | Reached skill level 9 in Stealth
     0 | D:5      | FishyPogo the Gnoll Delver began the quest for the Orb.
     0 | D:5      | Reached XP level 1. HP: 23/23 MP: 1/1
    26 | D:6      | Noticed a worker ant
    65 | D:5      | Noticed a worker ant
    95 | D:5      | Noticed a worker ant
   140 | D:4      | Reached XP level 2. HP: 18/29 MP: 2/2
   293 | D:4      | Noticed an ogre
   295 | D:4      | Noticed Menkaure
   415 | D:3      | Reached XP level 3. HP: 35/35 MP: 3/3
   451 | D:3      | Found a glowing drain.
   466 | D:3      | Reached skill level 1 in Invocations
   476 | Sewer    | Entered a sewer
   556 | Sewer    | HP: 1/35 [poisoned by a kobold]
   560 | Sewer    | Succumbed to a kobold's poison

Illustrated notes

Levels and vault maps discovered:
D:3:      layout_basic, bloody_trog, gammafunk_ghost_split, gup_sewer_entry_pipe
D:4:      layout_basic, serial_shops, shop, uniq_menkaure
D:5:      layout_cave_pools, ebering_ghost_rock_garden, nrook_mini_vaults,
          uniq_ijyb, uniq_crazy_yiuf_cottage, uniq_sigmund
D:6:      layout_gridville
Sewer:    sewer_the_moccasin

Skill      XL: |  1  2  3 |
---------------+----------+-----
Stealth        | |  9.5
Invocations    | 1 |  1.0
Fighting       | |  6.5
Short Blades   | |  0.9
Long Blades    | |  4.5
Axes           | |  0.9
Maces & Flails | |  0.9
Polearms       | |  0.9
Staves         | |  0.9
Slings         | |  0.9
Bows           | |  0.9
Crossbows      | |  0.9
Throwing       | |  0.9
Armour         | |  0.9
Dodging        | |  4.5
Shields        | |  0.9
Unarmed Combat | |  0.9
Spellcasting   | |  0.9
Conjurations   | |  0.6
Hexes          | |  0.6
Summonings     | |  0.6
Necromancy     | |  0.6
Translocations | |  0.6
Transmutations | |  0.6
Fire Magic     | |  0.6
Ice Magic      | |  0.6
Air Magic      | |  0.6
Earth Magic    | |  0.6
Poison Magic   | |  0.6
Evocations     | |  0.9

Action                   || total
-------------------------++-------
Melee: Falchion          ||    16
       Bite              ||     6
       Hand axe          ||    50
  Use: Scroll            ||     3
       Potion            ||     1
 Stab: Sleeping          ||     8
       Distracted        ||     1
Armor: Leather armour    ||    11
Dodge: Dodged            ||    50
       Rpst.: Falchion   ||     3
